Cool Beans, neutral male gnomish Tourist ---- --.@| |..@- |.... |.... |... --... |... ---.. |.%.- |.--- |.| ..| ... ... Cool Beans the Sightseer Experience level: 4 Strength: 12 Dexterity: 11 Constitution: 14 Intelligence: 16 Wisdom: 8 Charisma: 14 Health: 0(28) Energy: 17(17) Def: 7 Gold: 668 Moves: 1829 Dungeon seed: yfcprLNDUY62EEKM Game ID: Cool Beans_1516625036 Your Inventory: Coins $ - 668 gold pieces Weapons a - 26 uncursed +3 darts (in quiver) A - an uncursed +0 short sword (weapon in hand) C - 2 blessed +1 daggers G - an uncursed +0 elven dagger R - an uncursed +0 orcish dagger Armor q - an uncursed +0 large shield (being worn) r - an uncursed +0 orcish helm (being worn) I - an uncursed +0 dwarvish cloak (being worn) Y - an uncursed +2 pair of iron shoes (being worn) Comestibles c - 3 uncursed food rations d - 4 uncursed tripe rations L - an uncursed lichen corpse Scrolls i - 4 uncursed scrolls of magic mapping z - an uncursed scroll of enchant armor Spellbooks K - an uncursed spellbook of create familiar Potions h - an uncursed potion of extra healing H - an uncursed potion of oil M - an uncursed potion of full healing Q - an uncursed potion of water Rings P - an uncursed +1 ring of increase damage Tools j - an uncursed credit card k - an uncursed expensive camera (0:58) l - an uncursed leash m - an uncursed magic marker (0:0) n - an uncursed tin opener o - an uncursed towel E - an uncursed oil lamp (0:1208) S - an uncursed tin whistle Gems e - 2 uncursed worthless pieces of yellow glass y - 2 uncursed worthless pieces of red glass J - an uncursed jet stone N - 2 uncursed worthless pieces of yellowish brown glass O - an uncursed worthless piece of blue glass T - 3 uncursed worthless pieces of green glass Spells and supernatural/magical abilities: Spells marked with '*' are forgotten. Spells marked with '!' are maintained. Spells marked with '#' are aliased with 'castalias'. Name Level Category Fail Memory W - pray for help -- divine ? -- Your skills at the end: Fighting Skills wands [Basic] Weapon Skills dart [Basic] Spellcasting Skills Final Attributes: You had infravision. You last prayed 609 turns ago. You are dead. Vanquished creatures: a straw golem 2 dwarves a homunculus a gas spore 4 hobbits a hobgoblin a brown mold 2 green molds a red mold 5 geckos 4 jackals a kobold 6 goblins 7 sewer rats 5 grid bugs 6 lichens a kobold zombie 4 newts 53 creatures vanquished. Voluntary challenges: You used a wielded weapon 22 times, starting on turn 368. You read items or engraved 4 times, starting on turn 506. You never genocided any monsters. You never polymorphed an object. You never changed form. You used no wishes. You never split a pudding. You never wrote Elbereth's name. You never violated your personal moral code. Dungeon overview: The Dungeons of Doom: levels 1 to 2 Level 1 a fountain a long staircase Level 2 a general store, a fountain stairs to The Gnomish Mines The Gnomish Mines: levels 3 to 7 Level 3 stairs to The Dungeons of Doom Level 4 Level 7 <- You were here History has recorded: On T:1 you entered the Dungeons of Doom to retrieve the Amulet of Yendor! On T:549 you reached level 2 of The Dungeons of Doom. On T:726 you advanced to experience level 2. On T:1089 you reached level 1 of The Gnomish Mines. On T:1104 you advanced to experience level 3. On T:1537 you reached level 2 of The Gnomish Mines. On T:1728 you advanced to experience level 4. On T:1765 you reached level 5 of The Gnomish Mines. Score breakdown: Gold: 0 ( 0 points) Experience: 4 levels ( 9649 points) Exploration: 7 levels ( 14.29%) (10606 points) Discoveries: 11 items ( 3.64%) ( 5725 points) Valuables value: (no points given unless you survive) Artifact value: 0 ( 0 points) Variety of kills: 18 monsters ( 4.74%) ( 6529 points) Turncount: 1829 turns ( 0 points) Survival: died (score multiplied by 80%) Total score: 26007 Latest messages: a - 2 uncursed +3 darts (in quiver). There are a few more objects here. T - 2 green gems. The wererat changes into a human. The dart hits the wererat. The dart hits the wererat! The wererat zaps a hexagonal wand! The sleep ray hits you! The sleep ray bounces! The sleep ray hits you! The sleep ray hits the wererat! The wererat resists! The wererat hits! (2x) The wererat changes into a rat. The wererat hits! The wererat bites! The wererat changes into a human. The wererat bites! You die... Final status: Aloha Cool Beans the Tourist, killed by a wererat, while sleeping... You died in The Gnomish Mines on dungeon level 7 with 26007 points, and 668 pieces of gold, after 1829 moves. You were level 4 with a maximum of 28 hit points when you died.